 Dungeon Crawl Stone Soup version 0.23.2-40-g277498a001 (webtiles) character file.

Game seed: 15573116360140294498

7480 CitizenNev the Carver (level 10, 0/83 HPs)
             Began as a Demonspawn Fighter on Aug 21, 2019.
             Was a High Priest of Okawaru.
             Killed from afar by an electric eel (7 damage)
             ... with a bolt of electricity
             ... on level 10 of the Dungeon.
             The game lasted 00:31:14 (9273 turns).

CitizenNev the Carver (Demonspawn Fighter)          Turns: 9273, Time: 00:31:15

Health: 0/83       AC: 18    Str: 24    XL:     10   Next: 94%
Magic:  8/10       EV: 13    Int: 11    God:    Okawaru [*****.]
Gold:   576        SH: 15    Dex: 12    Spells: 9/9 levels left

rFire    . . .     SeeInvis .   a - +1 long sword
rCold    + . .     Gourm    .   u - +2 shield
rNeg     . . .     Faith    .   z - +0 plate armour
rPois    .         Spirit   .   (no helmet)
rElec    .         Reflect  .   t - +0 cloak
rCorr    .         Harm     .   (no gloves)
MR       +....     Clarity  +   (no boots)
Stlth    ..........             (no amulet)
HPRegen  0.23/turn              p - +5 ring of strength
MPRegen  0.12/turn              m - +4 ring of evasion

@: heroism
A: talons 2, slimy green scales 1, clarity, cold resistance 1, magic resistance
1, powered by death 2, no potion heal 1
a: Heroism, Finesse, Renounce Religion


You were on level 10 of the Dungeon.
You worshipped Okawaru.
Okawaru was extremely pleased with you.
You were not hungry.

You visited 2 branches of the dungeon, and saw 11 of its levels.
You also visited: Sewer and Ossuary.

You collected 576 gold pieces.

Inventory:

Hand Weapons
 a - a +1 long sword (weapon)
Armour
 t - a +0 cloak (worn)
 u - a +2 shield (worn)
 z - a +0 plate armour (worn)
Jewellery
 i - an uncursed ring of protection from cold
 m - a +4 ring of evasion (right hand)
 p - a +5 ring of strength (left hand)
Wands
 e - a wand of disintegration (13)
 y - a wand of scattershot (1)
Scrolls
 b - 4 scrolls of teleportation
 c - 2 scrolls of fear
 l - 2 scrolls of enchant weapon
 n - a scroll of amnesia
 q - 3 scrolls of remove curse
 r - 4 scrolls of identify
 v - 3 scrolls of enchant armour
 E - a scroll of blinking
Potions
 g - 3 potions of ambrosia
 h - 2 potions of cancellation
 j - 5 potions of brilliance
 k - 6 potions of heal wounds
 o - 3 potions of resistance
 s - 8 potions of curing
 w - a potion of flight
 x - 2 potions of might
 A - a potion of haste
 B - a potion of berserk rage
 C - 2 potions of magic
 D - a potion of agility
Comestibles
 f - 22 rations


   Skills:
 * Level 9.4(14.4) Fighting
 - Level 11.0(16.0) Long Blades
 - Level 5.0(10.0) Armour
 - Level 6.6(11.6) Shields
 - Level 0.4 Invocations


You had 9 spell levels left.
You didn't know any spells.
Your spell library contained the following spells:

 Spells                   Type           Power        Failure   Level  Hunger
 Animate Skeleton         Necr           N/A          99%         1    ##.....
 Apportation              Tloc           #.....       99%         1    ##.....
 Confusing Touch          Hex            #.....       99%         1    ##.....
 Shock                    Conj/Air       #...         99%         1    ##.....
 Summon Small Mammal      Summ           #...         99%         1    ##.....
 Swiftness                Chrm/Air       #.......     100%        2    ###....
 Static Discharge         Conj/Air       #.......     100%        3    ####...
 Airstrike                Air            #.........   100%        4    #####..
 Ice Form                 Ice/Tmut       #.......     100%        4    #####..
 Lightning Bolt           Conj/Air       #.........   100%        5    ######.
 Metabolic Englaciation   Hex/Ice        #.........   100%        5    ######.
 Bolt of Cold             Conj/Ice       #.........   100%        6    #######
 Freezing Cloud           Conj/Ice/Air   #.........   100%        6    #######
 Ozocubu's Refrigeration  Ice            #.........   100%        6    #######
 Simulacrum               Ice/Necr       #.........   100%        6    #######


Dungeon Overview and Level Annotations

Branches:
Dungeon (10/15)            Temple (1/1) D:5            Lair (0/6) D:10
    Orc (0/2) D:9

Altars:
Ashenzari
Cheibriados
Dithmenos
Elyvilon
Fedhas
Gozag
Hepliaklqana
Kikubaaqudgha
Makhleb
Nemelex Xobeh
Okawaru
Qazlal
Ru
Sif Muna
Trog
Uskayaw
Vehumet
Wu Jian
Xom
Yredelemnul
Zin
The Shining One

Shops:
D:5 [   D:6 *   D:10 !

Annotations:
D:7 3 runed translucent doors, exclusion: orange crystal statue, appiemonkey's ghost, novice GrFi


Innate Abilities, Weirdness & Mutations

You have razor-sharp toenails.
You are partially covered in slimy green scales. (AC +2)
You regenerate health from kills.
You possess an exceptional clarity of mind.
Your flesh is cold resistant. (rC+)
You are resistant to hostile enchantments. (MR+)
Potions are less effective at restoring your health.


Message History

You miss the crimson imp. You claw the crimson imp!
The crimson imp is almost dead.
The crimson imp misses you.
You riposte.
You slash the crimson imp!
You kill the crimson imp!
Okawaru accepts your kill.
You start resting.
HP restored.
A fire giant comes into view.
It is wielding a +2 great sword of flaming.
The fire giant shouts!
You gain the combat prowess of a mighty hero.
The fire giant points at you and mumbles some strange words.
The fireball explodes!
The fireball engulfs you!!!
The fire giant points at you and mumbles some strange words.
The bolt of fire hits you!
The fire giant points at you and mumbles some strange words.
The bolt of fire hits you!!
* * * LOW HITPOINT WARNING * * *
The electric eel shoots out a bolt of lightning at you!
The bolt of electricity hits you!
You die...

#...≈≈#..#
...;≈#..#
..≈≈#.. #.≈≈#
######.≈≈##
#......≈≈≈##
###.###...≈≈≈###
#..........≈≈≈≈≈
#.#.#@##....≈≈≈≈
#.###......C....
#.# ####........
#.# .........
#.# #.........##
## #.#
#........... ..#
#.#
#..........###.#
#.#
#..........##...
#.#
#..........##...


You could see a fire giant and an electric eel.

Vanquished Creatures
  2 two-headed ogres
  Pikel (D:4)
  An elephant (D:10)
  A gargoyle (D:9)
  A troll (D:9)
  A hippogriff (D:10)
  A shadow (D:8)
  A redback (shapeshifter) (D:9)
  A spriggan (D:8)
  A yak (D:9)
  A steam dragon (D:9)
  A basilisk (D:10)
  2 hungry ghosts (D:8)
  A water moccasin (D:10)
  An orc warrior (D:9)
  An ice beast (D:5)
  2 sky beasts
  An ogre (D:5)
  5 centaurs
  A crocodile (D:10)
  3 big kobolds
  3 bullfrogs
  5 scorpions
  A killer bee (D:5)
  A howler monkey (D:10)
  4 crimson imps
  A centaur zombie (Ossuary)
  2 hounds
  A bullfrog skeleton (D:7)
  A jelly (D:8)
  7 orc wizards
  4 orc priests
  3 centaur skeletons
  2 human zombies (Ossuary)
  2 iguanas
  12 worker ants
  Ijyb (D:5)
  2 big kobold zombies (Ossuary)
  A hound skeleton (D:8)
  7 mummies
  Robin (D:4)
  2 worker ant zombies (D:8)
  10 adders
  A gnoll (D:1)
  7 river rats (Sewer)
  2 shadow imps
  An ooze (Sewer)
  An adder skeleton (D:8)
  An adder zombie (D:10)
  A worm (D:4)
  3 dart slugs
  7 leopard geckos
  26 orcs
  4 ball pythons (Sewer)
  10 giant cockroaches
  9 goblins
  8 hobgoblins
  14 jackals
  4 quokkas
  6 bats
  A frilled lizard (D:5)
  2 gnoll zombies (D:7)
  3 goblin zombies
  A hobgoblin zombie (Ossuary)
  30 kobolds
  A kobold zombie (D:6)
  2 leopard gecko skeletons
  A leopard gecko zombie (D:5)
  2 quokka skeletons (D:4)
  22 rats
273 creatures vanquished.

Vanquished Creatures (others)
  An orc (D:9)
  A goblin (D:4)
2 creatures vanquished.

Grand Total: 275 creatures vanquished

Notes
Turn   | Place    | Note
-------+----------+-------------------------------------------
     0 | D:1      | CitizenNev the Demonspawn Fighter began the quest for the
                  | Orb.
     0 | D:1      | Reached XP level 1. HP: 18/18 MP: 1/1
    91 | D:1      | Reached skill level 2 in Long Blades
    91 | D:1      | Gained mutation: You are partially covered in slimy green
                  | scales. (AC +2) [demonic ancestry]
    91 | D:1      | Reached XP level 2. HP: 3/24 MP: 2/2
  1325 | D:2      | Reached skill level 3 in Long Blades
  1393 | D:2      | Gained mutation: You regenerate a little health from kills.
                  | [demonic ancestry]
  1393 | D:2      | Reached XP level 3. HP: 5/29 MP: 3/3
  2585 | D:3      | Reached XP level 4. HP: 35/35 MP: 4/4
  2595 | D:3      | Reached skill level 4 in Long Blades
  3225 | D:4      | Reached XP level 5. HP: 23/41 MP: 5/5
  3237 | D:4      | Reached skill level 5 in Long Blades
  3262 | D:4      | Noticed Robin
  3272 | D:4      | Killed Robin
  3369 | D:4      | Found a glowing drain.
  3390 | Sewer    | Entered a sewer
  3503 | Sewer    | Gained mutation: You regenerate health from kills. [demonic
                  | ancestry]
  3503 | Sewer    | Reached XP level 6. HP: 37/47 MP: 6/6
  4031 | D:4      | Noticed a slave
  4033 | D:4      | Noticed Pikel
  4038 | D:4      | Noticed a slave
  4042 | D:4      | Noticed a slave
  4046 | D:4      | Noticed a slave
  4052 | D:4      | Killed Pikel
  4052 | D:4      | Gained mutation: You have sharp toenails. [demonic
                  | ancestry]
  4052 | D:4      | Reached XP level 7. HP: 41/60 MP: 7/7
  4489 | D:5      | Entered Level 5 of the Dungeon
  4503 | D:5      | Noticed Ijyb
  4518 | D:5      | Killed Ijyb
  4595 | D:5      | Gained mutation: You have razor-sharp toenails. [demonic
                  | ancestry]
  4595 | D:5      | Reached XP level 8. HP: 64/67 MP: 8/8
  4626 | D:5      | Reached skill level 5 in Armour
  4630 | D:5      | Found a staircase to the Ecumenical Temple.
  4649 | Temple   | Entered the Ecumenical Temple
  4682 | Temple   | Became a worshipper of Warmaster Okawaru
  5165 | D:5      | Found Dogoegg's Armour Shoppe.
  5356 | D:5      | Found a runed translucent door.
  5380 | D:5      | Found a runed translucent door.
  5417 | D:5      | Reached skill level 5 in Shields
  5516 | D:6      | Found Miwyfim's General Store.
  5597 | D:6      | Found a sand-covered staircase.
  5609 | Ossuary  | Entered an ossuary
  5703 | Ossuary  | Reached * piety under Okawaru
  6219 | D:6      | Gained mutation: You possess an exceptional clarity of
                  | mind. [potion of mutation]
  6219 | D:6      | Gained mutation: Potions are less effective at restoring
                  | your health. [potion of mutation]
  6219 | D:6      | Gained mutation: You are resistant to hostile enchantments.
                  | (MR+) [potion of mutation]
  6219 | D:6      | Gained mutation: Your flesh is cold resistant. (rC+)
                  | [potion of mutation]
  6279 | D:7      | Noticed a +0 trident of chaos
  6280 | D:7      | Found a runed translucent door.
  6280 | D:7      | Found a shimmering altar of Xom.
  6280 | D:7      | Noticed appiemonkey's ghost (novice GrFi)
  6331 | D:7      | Found the +10 large shield of Ignorance {rN+ Int-4}
  6337 | D:7      | Found a runed translucent door.
  6357 | D:7      | Found a runed translucent door.
  6357 | D:7      | Noticed an orange crystal statue
  6412 | D:7      | Reached XP level 9. HP: 72/72 MP: 9/9
  6631 | D:7      | Found a basalt altar of Yredelemnul.
  6668 | D:7      | Reached skill level 6 in Long Blades
  6780 | D:8      | Noticed a two-headed ogre
  6790 | D:8      | Killed a two-headed ogre
  6790 | D:8      | Reached ** piety under Okawaru
  6790 | D:8      | Reached skill level 7 in Long Blades
  6902 | D:8      | Reached skill level 8 in Long Blades
  7338 | D:8      | Reached skill level 9 in Long Blades
  7649 | D:8      | Reached *** piety under Okawaru
  7717 | D:9      | Reached XP level 10. HP: 72/79 MP: 10/10
  7839 | D:9      | Found a staircase to the Orcish Mines.
  8162 | D:9      | Noticed a salamander
  8171 | D:9      | Reached skill level 10 in Long Blades
  8177 | D:9      | a salamander changed into a redback
  8352 | D:9      | Noticed a gargoyle
  8363 | D:9      | Killed a gargoyle
  8363 | D:9      | Reached **** piety under Okawaru
  8539 | D:10     | Entered Level 10 of the Dungeon
  8556 | D:10     | Received a gift from Okawaru
  8556 | D:10     | Reached skill level 11 in Long Blades
  8709 | D:10     | Noticed an elephant
  8710 | D:10     | Found a staircase to the Lair.
  8712 | D:10     | Noticed a two-headed ogre
  8741 | D:10     | Killed an elephant
  8752 | D:10     | Killed a two-headed ogre
  8876 | D:10     | Reached ***** piety under Okawaru
  8925 | D:10     | Found Gujus's Distillery.
  9267 | D:10     | Noticed a fire giant
  9273 | D:10     | Killed from afar by an electric eel

Skill      XL: |  1  2  3  4  5  6  7  8  9 10 |
---------------+-------------------------------+-----
Long Blades    | 2 3 4 5 9 11 | 11.0
Fighting       | 7 9 |  9.4
Armour         | 4 5 |  5.0
Shields        | 6 |  6.6
Invocations    | |  0.4

Action                   |  1- 3 |  4- 6 |  7- 9 | 10-12 || total
-------------------------+-------+-------+-------+-------++-------
Melee: Long sword        |   124 |   266 |   434 |   211 ||  1035
       Kick              |       |       |   158 |    76 ||   234
Invok: Heroism           |       |       |     1 |     3 ||     4
  Use: Potion            |     1 |     2 |     4 |       ||     7
       Scroll            |       |    11 |    14 |     1 ||    26
  Eat: Chunk             |     2 |     5 |     8 |     4 ||    19
       Ration            |     1 |       |     4 |       ||     5
Armor: Scale mail        |    23 |       |       |       ||    23
       Chain mail        |    51 |   135 |     8 |       ||   194
       Plate armour      |       |       |   137 |    64 ||   201
Dodge: Dodged            |    22 |   103 |   111 |    53 ||   289
Block: Shield            |    62 |   167 |   242 |   117 ||   588
       Rpst.: Long sword |     7 |    23 |    31 |    16 ||    77
